 Dungeon Crawl Stone Soup version 0.30-a0-1160-g6e42c06551 (webtiles) character file.

Game seed: 8684653043780016867

141 Dittersdorf the Trooper (level 5, 0/33 HPs)
             Began as a Gargoyle Fighter on Apr 25, 2023.
             Slain by an orc
             ... wielding a +0 mace
              (1 damage)
             ... on level 3 of the Dungeon.
             The game lasted 00:03:33 (2065 turns).

Dittersdorf the Trooper (Gargoyle Fighter)          Turns: 2065, Time: 00:03:34

Health: 0/33       AC: 13    Str: 21    XL:     5   Next: 24%
Magic:  5/5        EV:  8    Int:  9    God:
Gold:   108        SH:  9    Dex:  9    Spells: 4/4 levels left

rFire   . . .        a - +0 flail
rCold   . . .        c - +0 buckler
rNeg    + . .        k - +0 chain mail
rPois   ∞            (no helmet)
rElec   +            (no cloak)
rCorr   .            (no gloves)
SInv    .            (no boots)
Will    .....        h - amulet of reflection Stlth
                     (no ring)
HPRegen 0.25/turn    (no ring)
MPRegen 0.09/turn

%: reflection
@: no status effects
A: sickness immunity, AC +4, negative energy resistance 1, electricity
resistance, torment resistance 1, petrification resistance
a: no special abilities


You were on level 3 of the Dungeon.
You visited 1 branch of the dungeon, and saw 3 of its levels.

You collected 108 gold pieces.

Inventory:

Hand Weapons
 a - a +0 flail (weapon)
Armour
 c - a +0 buckler (worn)
 k - a +0 chain mail (worn)
Jewellery
 h - an amulet of reflection (around neck)
Wands
 n - a wand of iceblast (13)
 q - a wand of quicksilver (5)
Scrolls
 e - 3 scrolls of identify {unknown}
 g - a scroll of teleportation {unknown}
 i - 2 scrolls of noise {unknown}
 l - a scroll of poison {unknown}
 m - a scroll of magic mapping {unknown}
 o - a scroll of fog {unknown}
Potions
 b - 3 potions of lignification {unknown}
 d - 2 potions of might
 f - 5 potions of heal wounds {unknown}
 j - a potion of attraction {unknown}
 p - 2 potions of curing {unknown}
 r - a potion of ambrosia {unknown}


   Skills:
 + Level 4.3 Fighting
 + Level 3.1 Maces & Flails
 + Level 4.2 Armour
 + Level 4.2 Shields


You had 4 spell levels left.
You didn't know any spells.
Your spell library contained the following spells:

 Spells                   Type           Power      Damage    Failure   Level
 Magic Dart               Conj           0%         1d3       98%         1
 Sandblast                Erth           0%         2d4       98%         1
 Passwall                 Tmut/Erth      0%         N/A       99%         2
 Searing Ray              Conj           0%         2d4       99%         2
 Stone Arrow              Conj/Erth      0%         3d7       100%        3
 Fulminant Prism          Conj/Hex       0%         3d5       100%        4


Dungeon Overview and Level Annotations

Branches:
Dungeon (3/15)

Altars:
Kikubaaqudgha

Shops:
D:2 =


Innate Abilities, Weirdness & Mutations

You are immune to sickness and miasma.
Your stone body is resilient. (AC +4)
You are immune to poison.
You resist negative energy. (rN+)
You are resistant to electric shocks. (rElec)
You are resistant to unholy torment.
You are immune to petrification.


Message History

You are too injured to fight recklessly!
You are too injured to fight recklessly!
You are too injured to fight recklessly!
You are too injured to fight recklessly!
You are too injured to fight recklessly!
You hit the orc priest.
The orc priest is lightly wounded.
The orc hits you but does no damage. The orc priest barely misses you.
You hit the orc priest.
The orc priest is heavily wounded.
The orc hits you but does no damage.
The orc priest calls down the wrath of Beogh upon you.
Pain shoots through your body!
* * * LOW HITPOINT WARNING * * *
The orc hits you but does no damage. You block the orc's attack.
An orc comes into view. It is wielding a +0 club.
The orc priest calls down the wrath of Beogh upon you.
Pain shoots through your body!
* * * LOW HITPOINT WARNING * * *
You closely miss the orc priest.
The orc priest is heavily wounded.
You block the orc's attack. You block the orc priest's attack.
The orc hits you but does no damage.
You barely miss the orc priest.
The orc priest is heavily wounded.
You block the orc's attack.
The orc priest hits you but does no damage.
You thump the orc priest!
You kill the orc priest!
You block the orc's attack. The orc barely misses you.
Your Maces & Flails skill increases to level 3!
You have reached level 5!
The orc attacks as you move away! The orc hits you but does no damage.
The orc attacks as you move away! The orc misses you.
The orc hits you with a +0 mace.
* * * LOW HITPOINT WARNING * * *
The orc attacks as you move away! The orc hits you but does no damage.
The orc attacks as you move away! You block the orc's attack.
The orc attacks as you move away! The orc hits you with a +0 mace.
You die...

#.##..# . #.##.###### #.
<.#########....###... ..##
#.........##.......##
>.... #...####.......#####
.....# #.................
......######...#...#).####
........o##..###.#.....###
........o@.......####.....
......).o.#..##### ###.#.
........).........#####.##
....#.#..######..)......##
....#.#.## ######.... ##.
#.#.. ##... # #...# ##..
#..# ###... #.# #...#.


You could see 3 orcs.

Vanquished Creatures
  An orc priest (D:3)
  Ijyb (D:2)
  3 adders (D:2)
  2 worms (D:2)
  A dart slug (D:2)
  2 orcs
  3 bats (D:1)
  5 endoplasms
  3 giant cockroaches
  5 goblins
  4 hobgoblins
  3 quokkas
  2 ball pythons
  A frilled lizard (D:2)
  6 kobolds
  7 rats (D:1)
49 creatures vanquished.

Vanquished Creatures (others)
  4 plants (D:3)
4 creatures vanquished.

Grand Total: 53 creatures vanquished

Notes
Turn   | Place    | Note
-------+----------+-------------------------------------------
     0 | D:1      | Dittersdorf the Gargoyle Fighter began the quest for the
                  | Orb.
     0 | D:1      | Reached XP level 1. HP: 14/14 MP: 1/1
    66 | D:1      | Reached XP level 2. HP: 19/19 MP: 2/2
   475 | D:1      | Reached XP level 3. HP: 23/23 MP: 3/3
   908 | D:2      | Found a faded altar of an unknown god.
  1040 | D:2      | Found Wileasat's Jewellery Shop.
  1064 | D:2      | Reached XP level 4. HP: 29/29 MP: 4/4
  1606 | D:3      | Found an ancient bone altar of Kikubaaqudgha.
  1620 | D:3      | Noticed Ijyb
  1804 | D:2      | Killed Ijyb
  2063 | D:3      | Reached XP level 5. HP: 5/33 MP: 5/5
  2064 | D:3      | HP: 1/33 [orc/+0 mace (5)]
  2065 | D:3      | Slain by an orc

Illustrated notes

Levels and vault maps discovered:
D:1:      onia_arrival_handbag, layout_basic
D:2:      layout_basic, ebering_ecumenical_altar_box, serial_shops, shop,
          nicolae_half_adder
D:3:      layout_rooms, mainiacjoe_overflow_chevrons,
          kennysheep_generic_room_14, uniq_ijyb

Skill      XL: |  1  2  3  4 |
---------------+-------------+-----
Fighting       | 4 |  4.3
Shields        | 4 |  4.2
Armour         | 4 |  4.2
Maces & Flails | 3 |  3.1

Action                     |  1- 3 |  4- 6 || total
---------------------------+-------+-------++-------
  Melee: Flail             |    95 |    64 ||   159
 Armour: Scale mail        |    24 |       ||    24
         Chain mail        |    18 |    32 ||    50
  Dodge: Dodged            |    41 |    26 ||    67
  Block: Buckler           |    30 |    40 ||    70
         Reflection        |     1 |     4 ||     5

Table legend: (Time is in decaauts)
 A = Elapsed time spent in this place.
 B = Non-inter-level travel time spent in this place.
 C = Inter-level travel time spent in this place.
 D = Time resting spent in this place.
 E = Time spent auto-exploring this place.
 F = Levels seen in this place.
 G = Mean time per level.
                   A        B        C        D        E       F      G
               +--------+--------+--------+--------+--------+-----+--------+
         Total |   2117 |   2065 |     52 |    224 |   1345 |   3 |  705.7 |
       Dungeon |   2117 |   2065 |     52 |    224 |   1345 |   3 |  705.7 |
               +--------+--------+--------+--------+--------+-----+--------+

Top non-repeatable levels by time:
     D:2: 1102 daAuts
     D:1: 807 daAuts
     D:3: 207 daAuts
